 Dungeon Crawl Stone Soup version 0.30-a0-639-g3916f1956a (webtiles) character file.

Game seed: 1824946558471940702

781 Vylera the Poker (level 7, -1/57 HPs)
             Began as a Demonspawn Gladiator on Jan 16, 2023.
             Was a Follower of Kikubaaqudgha.
             Slain by a centaur (3 damage)
             ... on level 5 of the Dungeon.
             The game lasted 00:11:27 (5206 turns).

Vylera the Poker (Demonspawn Gladiator)             Turns: 5206, Time: 00:11:27

Health: -1/57      AC:  7    Str: 15    XL:     7   Next: 55%
Magic:  7/7        EV: 13    Int:  8    God:    Kikubaaqudgha [*.....]
Gold:   358        SH:  0    Dex: 19    Spells: 6/6 levels left

rFire   . . .      SeeInvis .    t - +2 spear (pain)
rCold   . . .      Faith    .    (no shield)
rNeg    . . .      Spirit   .    b - +0 leather armour
rPois   +          Reflect  .    c - +0 helmet
rElec   .          Harm     .    w - +0 cloak
rCorr   .          Rampage  .    (no gloves)
Will    .....                    (no boots)
Stlth   +                        (no amulet)
HPRegen 0.29/turn                (no ring)
MPRegen 0.10/turn                (no ring)

@: mighty
A: rugged brown scales 2, demonic guardian 1, agile 1, deterioration 1, poison
resistance, robust 1
a: Renounce Religion, Unearth Wretches


You were on level 5 of the Dungeon.
You worshipped Kikubaaqudgha.
Kikubaaqudgha was aware of your devotion.
You visited 1 branch of the dungeon, and saw 5 of its levels.

You collected 358 gold pieces.

Inventory:

Hand Weapons
 a - a +0 trident
 t - a +2 spear of pain (weapon)
Missiles
 d - 3 throwing nets (quivered)
 e - 4 poisoned darts
 l - 5 boomerangs
Armour
 b - a +0 leather armour (worn)
 c - a +0 helmet (worn)
 w - a +0 cloak (worn)
Scrolls
 f - 2 scrolls of fear {unknown}
 g - 4 scrolls of identify {unknown}
 m - a scroll of noise {unknown}
 n - 3 scrolls of enchant armour {unknown}
 o - a scroll of amnesia {unknown}
 q - 2 scrolls of teleportation {unknown}
 r - 3 scrolls of torment {unknown}
 s - 4 scrolls of enchant weapon {unknown}
 u - a scroll of blinking {unknown}
 y - 2 scrolls of immolation {unknown}
 A - a scroll of butterflies {unknown}
Potions
 h - a potion of attraction {unknown}
 i - 2 potions of berserk rage {unknown}
 j - 3 potions of lignification {unknown}
 k - a potion of might
 p - a potion of curing {unknown}
 v - a potion of brilliance {unknown}
 x - a potion of resistance {unknown}
 z - a potion of mutation
 B - a potion of ambrosia {unknown}


   Skills:
 - Level 2.0 Fighting
 * Level 7.6 Polearms
 - Level 1.8 Throwing
 - Level 2.7 Dodging
 + Level 3.3 Necromancy


You had 6 spell levels left.
You didn't know any spells.
Your spell library contained the following spells:

 Spells                   Type           Power      Damage    Failure   Level
 Necrotise                Necr           20%        1d5       14%         1
 Sublimation of Blood     Necr           5%         N/A       21%         2
 Kiss of Death            Conj/Necr      8%         2d6       26%         1
 Vampiric Draining        Necr           5%         2d6       38%         3
 Agony                    Necr           5%         N/A       98%         5


Dungeon Overview and Level Annotations

Branches:
Dungeon (5/15)             Temple (0/1) D:4

Altars:
Kikubaaqudgha
Makhleb
Qazlal

Annotations:
D:2 1 runed translucent door, Crazy Yiuf


Innate Abilities, Weirdness & Mutations

You are mostly covered in rugged brown scales. (AC +2, +5% HP)
A weak demonic guardian rushes to your aid.
You are agile. (Dex +4, Str/Int -1)
Your body sometimes deteriorates upon taking damage.
Your system is resistant to poisons. (rPois)
You are robust. (+10% HP)


Message History

* * * LOW HITPOINT WARNING * * *
You hit the white imp.
The white imp is severely wounded.
The centaur shoots an arrow.
The arrow hits your iron imp!
Your iron imp dies!
Your iron imp disappears in a puff of smoke!
The white imp hits you but does no damage.
Your ufetubus completely misses the white imp.
Your ufetubus hits the white imp. Your ufetubus hits the white imp.
The white imp dies!
Kikubaaqudgha accepts your kill.
The orc hits your ufetubus with a +0 club.
Reach: t) +2 spear (pain)
Press: ? - help, Dir - move target, f - centaur
Aim: a centaur, wielding a +0 shortbow (about 23% to evade your +2 spear of pain)
You reach to attack!
You barely miss the centaur.
Your ufetubus hits the orc but does no damage.
Your ufetubus closely misses the orc.
The centaur shoots an arrow.
The arrow misses your ufetubus. The arrow barely misses you.
The orc closely misses your ufetubus.
Reach: t) +2 spear (pain)
Press: ? - help, Dir - move target, f/p - centaur
Aim: a centaur, wielding a +0 shortbow (about 23% to evade your +2 spear of pain)
You could not reach far enough!
Your ufetubus hits the orc but does no damage. x2
The centaur shoots an arrow.
The arrow hits your ufetubus!
Your ufetubus dies!
Your ufetubus disappears in a puff of smoke!
The centaur unwields a +0 shortbow.
The centaur hits you but does no damage.
The centaur barely misses you. The orc misses you.
You closely miss the centaur. The centaur barely misses you.
The centaur kicks you.
* * * LOW HITPOINT WARNING * * *
A demonic guardian appears!
The orc barely misses you.
The centaur hits you but does no damage.
The centaur kicks you.
You die...
Kikubaaqudgha rasps: "You have failed me!
Welcome... death!"

#......####
##...#### # #
#...## # #.###
##...# # #....
####...## #
#.....###......#
#
#....#5..)...##
# #..o.....### #
#.Sc@.####
#..#### #.. #.
#. #


You could see a centaur, an adder, an orc (ally target) and a friendly quasit
(summoned).

Vanquished Creatures
  A black bear (D:4)
  2 phantoms (D:4)
  3 scorpions
  An orc priest (D:5)
  A hound (D:5)
  2 iguanas (D:4)
  Natasha (thrice) (D:2)
  2 adders
  A white imp (D:5)
  5 worms
  4 dart slugs
  7 orcs
  A bat (D:2)
  8 endoplasms
  4 giant cockroaches
  8 goblins
  8 hobgoblins
  10 jackals
  A quokka (D:1)
  11 ball pythons
  A frilled lizard (D:3)
  4 kobolds
  7 rats
95 creatures vanquished.

Vanquished Creatures (collateral kills)
  An iguana (D:5)
  A white imp (D:5)
  A giant cockroach (D:4)
3 creatures vanquished.

Vanquished Creatures (others)
  A fungus (D:2)
1 creature vanquished.

Grand Total: 99 creatures vanquished

Notes
Turn   | Place    | Note
-------+----------+-------------------------------------------
     0 | D:1      | Vylera the Demonspawn Gladiator began the quest for the
                  | Orb.
     0 | D:1      | Reached XP level 1. HP: 16/16 MP: 1/1
   178 | D:1      | Reached skill level 3 in Polearms
   199 | D:1      | Gained mutation: You are partially covered in rugged brown
                  | scales. (AC +1, +3% HP) [demonic ancestry]
   199 | D:1      | Reached XP level 2. HP: 16/22 MP: 2/2
   662 | D:2      | Reached XP level 3. HP: 27/27 MP: 3/3
   865 | D:2      | Noticed Natasha
   882 | D:2      | Reached skill level 4 in Polearms
   884 | D:2      | Killed Natasha
   953 | D:2      | Noticed Natasha
   963 | D:2      | Killed Natasha
   964 | D:2      | Gained mutation: You are mostly covered in rugged brown
                  | scales. (AC +2, +5% HP) [demonic ancestry]
   964 | D:2      | Reached XP level 4. HP: 12/34 MP: 4/4
  1620 | D:2      | Found a runed translucent door.
  1621 | D:2      | Noticed Crazy Yiuf
  1683 | D:2      | Noticed Natasha
  1698 | D:2      | Killed Natasha
  1699 | D:2      | Reached skill level 5 in Polearms
  1803 | D:3      | Noticed a scorpion
  1817 | D:3      | Killed a scorpion
  1818 | D:3      | Reached XP level 5. HP: 20/39 MP: 5/5
  1996 | D:3      | Found a stormy altar of Qazlal.
  2018 | D:3      | Reached skill level 6 in Polearms
  2332 | D:3      | Found an ancient bone altar of Kikubaaqudgha.
  2340 | D:3      | Became a worshipper of Kikubaaqudgha
  2617 | D:3      | Found a burning altar of Makhleb.
  2808 | D:3      | Noticed a green death
  2811 | D:3      | Noticed a neqoxec
  2811 | D:3      | Noticed a smoke demon
  2863 | D:4      | Gained mutation: A weak demonic guardian rushes to your
                  | aid. [demonic ancestry]
  2863 | D:4      | Reached XP level 6. HP: 46/46 MP: 6/6
  3151 | D:4      | Reached skill level 1 in Necromancy
  3459 | D:4      | Found a staircase to the Ecumenical Temple.
  4031 | D:4      | Reached XP level 7. HP: 23/52 MP: 7/7
  4036 | D:4      | Reached skill level 7 in Polearms
  4517 | D:5      | Entered Level 5 of the Dungeon
  4640 | D:5      | Noticed a yak
  4640 | D:5      | Noticed a yak
  4640 | D:5      | Noticed a yak
  4766 | D:5      | Reached * piety under Kikubaaqudgha
  4766 | D:5      | Received a gift from Kikubaaqudgha
  5199 | D:5      | Gained mutation: Your system is resistant to poisons.
                  | (rPois) [potion of mutation]
  5199 | D:5      | Gained mutation: You are robust. (+10% HP) [potion of
                  | mutation]
  5199 | D:5      | Gained mutation: Your body sometimes deteriorates upon
                  | taking damage. [potion of mutation]
  5199 | D:5      | Gained mutation: You are agile. (Dex +4, Str/Int -1)
                  | [potion of mutation]
  5206 | D:5      | HP: 2/57 [centaur (2)]
  5206 | D:5      | Slain by a centaur

Illustrated notes

Levels and vault maps discovered:
D:1:      roderic_octagonal_star, layout_rooms
D:2:      layout_loops_ring, hangedman_glass_teeth, uniq_crazy_yiuf_cottage,
          uniq_natasha
D:3:      layout_basic, makhleb_altar_promises_db,
          nicolae_kikubaaqudgha_miasma_corner, nicolae_qazlal_general_emergency
D:4:      minmay_chambers_of_threes, layout_layer_cave,
          minmay_temple_entry_statues_fountains, hangedman_feature_mirror,
          nicolae_wormholes
D:5:      layout_basic, serial_curves, eino_curves_04, eino_curves_03,
          eino_curves_03, eino_curves_02

Skill      XL: |  1  2  3  4  5  6  7 |
---------------+----------------------+-----
Polearms       | 3 4 5 6 7 |  7.6
Necromancy     | 2 3 |  3.3
Fighting       | |  2.0
Throwing       | |  1.8
Dodging        | |  2.7

Action                   |  1- 3 |  4- 6 |  7- 9 || total
-------------------------+-------+-------+-------++-------
Melee: Trident           |    97 |    84 |       ||   181
       Spear             |       |   105 |   122 ||   227
       Punch             |       |     2 |       ||     2
Throw: Javelin           |       |       |     1 ||     1
  Use: Potion            |       |     1 |     2 ||     3
 Stab: Sleeping          |       |     2 |       ||     2
Armor: Leather armour    |    20 |    36 |    33 ||    89
Dodge: Dodged            |    42 |    80 |    67 ||   189

Table legend: (Time is in decaauts)
 A = Elapsed time spent in this place.
 B = Non-inter-level travel time spent in this place.
 C = Inter-level travel time spent in this place.
 D = Time resting spent in this place.
 E = Time spent auto-exploring this place.
 F = Levels seen in this place.
 G = Mean time per level.
                   A        B        C        D        E       F      G
               +--------+--------+--------+--------+--------+-----+--------+
         Total |   5166 |   4980 |    186 |     53 |   4056 |   5 | 1033.2 |
       Dungeon |   5166 |   4980 |    186 |     53 |   4056 |   5 | 1033.2 |
               +--------+--------+--------+--------+--------+-----+--------+

Top non-repeatable levels by time:
     D:4: 1681 daAuts
     D:2: 1211 daAuts
     D:3: 1039 daAuts
     D:5: 628 daAuts
     D:1: 605 daAuts
